 Dungeon Crawl Stone Soup version 0.24.0-2-g5b39cebb1c (webtiles) character file.

Game seed: 151261291405824785, levelgen mode: deterministic

112 MTVSty1e the Chopper (level 5, -1/41 HPs)
             Began as a Formicid Monk on Oct 30, 2019.
             Slain by Grinder (4 damage)
             ... on level 3 of the Dungeon.
             The game lasted 00:03:32 (2849 turns).

MTVSty1e the Chopper (Formicid Monk)                Turns: 2849, Time: 00:03:32

Health: -1/41      AC:  6    Str: 17    XL:     5   Next: 16%
Magic:  5/5        EV:  7    Int:  9    God:
Gold:   116        SH:  7    Dex: 13    Spells: 4/4 levels left

rFire    . . .     SeeInvis +   a - +0 hand axe
rCold    + . .     Gourm    .   n - +0 shield
rNeg     . . .     Faith    .   j - +0 scale mail
rPois    .         Spirit   .   (helmet unavailable)
rElec    .         Reflect  .   (no cloak)
rCorr    .         Harm     .   (no gloves)
MR       .....                  (no boots)
Stlth    +.........             (no amulet)
HPRegen  0.13/turn              d - ring of protection from cold
MPRegen  0.09/turn              (no ring)

@: no status effects
A: permanent stasis, dig shafts and tunnels, four strong arms, antennae 3
a: Dig, Shaft Self


You were on level 3 of the Dungeon.
You were not hungry.

You visited 1 branch of the dungeon, and saw 3 of its levels.

You collected 116 gold pieces.

Inventory:

Hand Weapons
 a - a +0 hand axe (weapon)
Armour
 j - a +0 scale mail (worn)
 n - a +0 shield (worn)
Jewellery
 d - a ring of protection from cold (left hand)
Scrolls
 e - 2 scrolls of remove curse {unknown}
 f - a scroll of fear {unknown}
 g - 2 scrolls of fog {unknown}
 h - 2 scrolls of magic mapping {unknown}
 k - a scroll of enchant armour {unknown}
 l - 3 scrolls of identify {unknown}
 m - 3 scrolls of noise {unknown}
Comestibles
 c - 9 rations
 o - 2 chunks of flesh


   Skills:
 - Level 3.2 Fighting
 * Level 5.4 Axes
 - Level 2.6 Dodging
 - Level 2.4 Stealth


You had 4 spell levels left.
You didn't know any spells.
Your spell library was empty.

Dungeon Overview and Level Annotations

Branches:
Dungeon (3/15)

Altars:
Elyvilon
The Shining One

Annotations:
D:3 Grinder


Innate Abilities, Weirdness & Mutations

You cannot be hasted, slowed, berserked, paralysed or teleported.
You can dig through walls and to a lower floor.
Your four strong arms can wield two-handed weapons with a shield.
You have a pair of large antennae on your head. (SInv)


Message History

You closely miss Grinder.
Grinder is heavily wounded.
Grinder closely misses you. Grinder barely misses you.
You closely miss Grinder.
Grinder is heavily wounded.
Grinder gestures at you. Pain shoots through your body!
* * * LOW HITPOINT WARNING * * *
You hit Grinder.
Grinder is severely wounded.
Grinder says, "FISH!"
Grinder hits you but does no damage.
You closely miss Grinder.
Grinder is severely wounded.
You block Grinder's attack.
You hit Grinder.
Grinder is severely wounded.
Grinder says, "DUCK!"
Grinder hits you.
You die...

..## ...# #### #..##
##... ... #..#
#†#####.###
#..)>.....#
#############.......#
....................#
..###########...@...#
#.# #..5....# #.##
#####...# #..#
#########... ##.###
##<...# ##..# ##...#
###.....# ....
####÷###.......##
.###
.........####...#
##.#
#.........###...#
#..#


You could see Grinder.

Vanquished Creatures
  Robin (D:3)
  4 adders (D:2)
  2 dart slugs
  3 worms
  4 giant cockroaches
  14 goblins
  7 hobgoblins
  A ball python (D:1)
  8 bats
  A frilled lizard (D:1)
  6 kobolds
  4 rats (D:1)
55 creatures vanquished.

Notes
Turn   | Place    | Note
-------+----------+-------------------------------------------
     0 | D:1      | MTVSty1e the Formicid Monk began the quest for the Orb.
     0 | D:1      | Reached XP level 1. HP: 18/18 MP: 1/1
   204 | D:1      | Found a glowing golden altar of the Shining One.
   220 | D:1      | Reached XP level 2. HP: 1/24 MP: 2/2
  1084 | D:2      | Reached skill level 4 in Axes
  1084 | D:2      | Reached XP level 3. HP: 22/29 MP: 3/3
  1597 | D:2      | Reached XP level 4. HP: 22/35 MP: 4/4
  1872 | D:2      | Reached skill level 5 in Axes
  1894 | D:2      | Found a white marble altar of Elyvilon.
  2254 | D:3      | Identified the +0 helmet of the Hills {Regen+ Stlth+}
  2254 | D:3      | Noticed Robin
  2566 | D:3      | Killed Robin
  2566 | D:3      | Reached XP level 5. HP: 33/41 MP: 5/5
  2802 | D:3      | Noticed Grinder
  2846 | D:3      | HP: 2/41 [Grinder/nerve-wracking pain (1)]
  2849 | D:3      | Slain by Grinder

Levels and vault maps discovered:
D:1:      minmay_arrival_four_houses, layout_loops_ring, tso_metal_star
D:2:      layout_loops_ring, elyvilon_altar_3, minmay_octomino_c4
D:3:      layout_rooms, marbit_many_paths, first_ration, uniq_grinder,
          uniq_robin

Skill      XL: |  1  2  3  4 |
---------------+-------------+-----
Axes           | 4 5 |  5.4
Fighting       | |  3.2
Dodging        | |  2.6
Stealth        | |  2.4

Action                   |  1- 3 |  4- 6 || total
-------------------------+-------+-------++-------
Melee: Hand axe          |   119 |    95 ||   214
  Use: Scroll            |     1 |       ||     1
       Potion            |     1 |     2 ||     3
 Stab: Sleeping          |     3 |       ||     3
  Eat: Chunk             |     2 |     4 ||     6
Armor: Leather armour    |    13 |       ||    13
       Robe              |     2 |       ||     2
       Scale mail        |    44 |    38 ||    82
       Skin              |       |     9 ||     9
Dodge: Dodged            |   120 |    41 ||   161
Block: Shield            |       |    30 ||    30
